 Dungeon Crawl Stone Soup version 0.29-a0-322-g68df515428 (webtiles) character file.

Game seed: 4082706942798451647

248 oblizorion1 the Sneak (level 5, -2/41 HPs)
             Began as a Vampire Brigand on Apr 8, 2022.
             Slain by an orc
             ... wielding a +0 trident
              (6 damage)
             ... on level 3 of the Dungeon.
             The game lasted 00:13:32 (1814 turns).

oblizorion1 the Sneak (Vampire Brigand)             Turns: 1814, Time: 00:13:33

Health: -2/41      AC: 12    Str: 10    XL:     5   Next: 86%
Magic:  5/5        EV:  1    Int: 13    God:
Gold:   80         SH:  0    Dex: 18    Spells: 4/4 levels left

rFire   . . .      SeeInvis +   a - +3 dagger
rCold   . . .      Faith    .   (no shield)
rNeg    . . .      Spirit   .   j - +0 plate armour
rPois   .          Reflect  .   (no helmet)
rElec   .          Harm     .   c - +0 cloak
rCorr   +          Rampage  .   g - +0 pair of gloves
Will    .....                   (no boots)
Stlth   ..........              A - amulet of the acrobat
HPRegen 0.33/turn               n - ring of resist corrosion
MPRegen 0.09/turn               (no ring)

@: healing quickly
A: alive, fangs 3, see invisible, vampiric 2
a: Exsanguinate


You were on level 3 of the Dungeon.
You visited 1 branch of the dungeon, and saw 3 of its levels.

You collected 80 gold pieces.

Inventory:

Hand Weapons
 a - a +3 dagger (weapon)
 o - a +0 hand axe of freezing
Missiles
 d - 2 poisoned darts (quivered)
 e - 3 curare-tipped darts
 z - 4 boomerangs of dispersal
Armour
 c - a +0 cloak (worn)
 g - a +0 pair of gloves (worn)
 j - a +0 plate armour (worn)
Magical Staves
 x - a staff of air
Jewellery
 n - a ring of resist corrosion (left hand)
 A - an amulet of the acrobat (around neck)
Scrolls
 p - a scroll of torment {unknown}
 q - a scroll of magic mapping {unknown}
 r - a scroll of identify {unknown}
 t - a scroll of brand weapon {unknown}
 v - a scroll of amnesia {unknown}
 w - a scroll of enchant weapon {unknown}
 y - a scroll of fog {unknown}
Potions
 b - a potion of cancellation {unknown}
 f - 3 potions of curing
 h - a potion of degeneration {unknown}
 i - 3 potions of heal wounds {unknown}
 k - a potion of mutation {unknown}
 l - 2 potions of attraction {unknown}
 m - 2 potions of brilliance {unknown}
 s - 2 potions of flight {unknown}
 u - 2 potions of lignification {unknown}


   Skills:
 + Level 3.1 Fighting
 + Level 3.9 Short Blades
 + Level 2.4 Throwing
 + Level 1.5 Armour
 + Level 1.4 Dodging
 + Level 6.9 Stealth


You had 4 spell levels left.
You didn't know any spells.
Your spell library contained the following spells:

 Spells                   Type           Power      Damage    Failure   Level
 Gell's Gravitas          Tloc           0%         N/A       100%        3
 Teleport Other           Tloc           0%         N/A       100%        3
 Dispersal                Tloc           0%         N/A       100%        6


Dungeon Overview and Level Annotations

Branches:
Dungeon (3/15)

Altars:


Innate Abilities, Weirdness & Mutations

Your natural rate of healing is accelerated.
You have razor-sharp teeth.
You have supernaturally acute eyesight. (SInv)
You are afflicted with vampirism and can become a bat while bloodless.


Message History

The orc is heavily wounded.
The orc hits you but does no damage. x2
You closely miss the orc.
The orc is heavily wounded.
The orc hits you with a +0 vampiric hand axe.
The orc hits you from afar with a +0 trident.
You completely miss the orc. You bite the orc, but do no damage.
The orc is heavily wounded.
Throw: 3 darts (poison)
Press: ? - help, Q - select action, (/) - cycle Shift-Dir - straight line, f - orc
Aim: an orc, wielding a +0 vampiric hand axe and wearing a +0 ring mail (heavily wounded, 66% to hit)
You throw a poisoned dart.
The poisoned dart barely misses the orc.
The poisoned dart hits the rat.
The rat is poisoned.
The orc hits you but does no damage.
The orc hits you from afar with a +0 trident.
* * * LOW HITPOINT WARNING * * *
You hit the orc but do no damage.
The orc is heavily wounded.
The orc hits you but does no damage. x2
You hit the orc.
The orc is almost dead.
The orc hits you but does no damage. x2
You hit the orc but do no damage. Your bite misses the orc.
The orc is almost dead.
You kill the rat!
The orc hits you with a +0 vampiric hand axe.
* * * LOW HITPOINT WARNING * * *
The orc draws strength from your wounds!
The orc hits you from afar with a +0 trident.
* * * LOW HITPOINT WARNING * * *
You hit the orc.
The orc is almost dead.
You hit the orc but do no damage. Your bite misses the orc.
The orc is almost dead.
The orc hits you but does no damage. x2
You hit the orc.
You kill the orc!
The orc hits you from afar with a +0 trident.
You die...

#[#... .#.# ##....####
#.#.## ...# ####....# #.)..#
#.. ####.### # ...#.# ##[.
#...# # #### # #..#
####.#### #..# ##.......#
######..# #########.........
........###.....)..(........
.......()o)@######..........
........##### #..........
.........# ##.........
.........### ##...#...#
......>....# #########
.......(#..# # .......#####
# ....... # ...(... #


You could see an orc.

Vanquished Creatures
  2 orc priests (D:3)
  Crazy Yiuf (D:2)
  An orc wizard (D:2)
  4 adders (D:2)
  A worm (D:2)
  3 dart slugs
  8 orcs
  5 bats (D:1)
  10 endoplasms
  4 giant cockroaches
  5 goblins
  3 hobgoblins
  11 jackals
  5 kobolds
  A quokka (D:1)
  11 ball pythons
  5 frilled lizards
  2 rats
82 creatures vanquished.

Notes
Turn   | Place    | Note
-------+----------+-------------------------------------------
     0 | D:1      | oblizorion1 the Vampire Brigand began the quest for the
                  | Orb.
     0 | D:1      | Reached XP level 1. HP: 16/16 MP: 1/1
    25 | D:1      | Reached skill level 6 in Stealth
   145 | D:1      | Reached XP level 2. HP: 22/22 MP: 2/2
   336 | D:1      | Gained mutation: You are afflicted with vampirism and can
                  | become a bat while bloodless. [Vampire growth]
   336 | D:1      | Reached XP level 3. HP: 8/27 MP: 3/3
   790 | D:2      | Found a faded altar of an unknown god.
   808 | D:2      | Reached XP level 4. HP: 30/34 MP: 4/4
  1092 | D:2      | Found a runed translucent door.
  1093 | D:2      | Noticed Crazy Yiuf
  1107 | D:2      | Killed Crazy Yiuf
  1463 | D:3      | Reached XP level 5. HP: 40/40 MP: 5/5
  1495 | D:3      | Reached skill level 1 in Armour
  1809 | D:3      | HP: 2/41 [orc/+0 trident (5)]
  1814 | D:3      | Slain by an orc

Illustrated notes

Levels and vault maps discovered:
D:1:      dpeg_arrival_rooms_b, layout_rooms, st_stairs_14,
          minmay_tiny_reverse_x
D:2:      layout_loops_ring, nicolae_ecumenical_snake_handling,
          uniq_crazy_yiuf_cottage
D:3:      layout_rooms, mainiacjoe_overflow_divided_tiny

Skill      XL: |  1  2  3  4  5 |
---------------+----------------+-----
Stealth        | 6 |  6.9
Fighting       | 2 3 |  3.1
Throwing       | 2 |  2.4
Short Blades   | 3 |  3.9
Armour         | 1 |  1.5
Dodging        | |  1.4

Action                   |  1- 3 |  4- 6 || total
-------------------------+-------+-------++-------
Melee: Dagger            |   167 |   159 ||   326
       Bite              |    10 |    21 ||    31
       Punch             |     3 |     1 ||     4
Throw: Dart              |    23 |    14 ||    37
Armor: Plate armour      |   171 |   142 ||   313
       Robe              |     2 |       ||     2
Dodge: Dodged            |    17 |     8 ||    25

Table legend: (Time is in decaauts)
 A = Elapsed time spent in this place.
 B = Non-inter-level travel time spent in this place.
 C = Inter-level travel time spent in this place.
 D = Time resting spent in this place.
 E = Time spent auto-exploring this place.
 F = Levels seen in this place.
 G = Mean time per level.
                   A        B        C        D        E       F      G
               +--------+--------+--------+--------+--------+-----+--------+
         Total |   1785 |   1702 |     83 |    232 |    518 |   3 |  595.0 |
       Dungeon |   1785 |   1702 |     83 |    232 |    518 |   3 |  595.0 |
               +--------+--------+--------+--------+--------+-----+--------+

Top non-repeatable levels by time:
     D:2: 891 daAuts
     D:1: 672 daAuts
     D:3: 221 daAuts
